 Dungeon Crawl Stone Soup version 0.30.0-18-gc0e69614cb (webtiles) character file.

Game seed: 2208122202061096512

1994 monsoonserge the Skirmisher (level 9, -2/62 HPs)
             Began as a Formicid Hunter on May 24, 2023.
             Was a Believer of Hepliaklqana.
             Slain by a spriggan
             ... wielding a +0 trident
              (5 damage)
             ... in a bailey.
             The game lasted 00:23:58 (5505 turns).

monsoonserge the Skirmisher (Formicid Hunter)       Turns: 5505, Time: 00:23:59

Health: -2/62      AC:  8    Str: 16    XL:     9   Next: 45%
Magic:  0/9        EV: 10    Int:  9    God:    Hepliaklqana [**....]
Gold:   294        SH: 15    Dex: 21    Spells: 8/8 levels left

rFire   . . .        a - +0 shortbow
rCold   . . .        l - +0 tower shield
rNeg    . . .        O - +2 leather armour {rPois}
rPois   +            (helmet unavailable)
rElec   +            (no cloak)
rCorr   .            J - +0 pair of gloves
SInv    +            t - +1 pair of boots
Will    .....        y - amulet of guardian spirit
Stlth   ++           m - ring "Vicap" {Wiz rElec}
HPRegen 0.30/turn    (no ring)
MPRegen 0.11/turn

%: guardian spirit, wizardry (x1)
@: mighty, attractive
A: reduced essence, permanent stasis, dig shafts and tunnels, antennae 3, four
strong arms
a: Dig, Renounce Religion, Recall Ancestor, Ancestor Identity


You were in a bailey.
You worshipped Hepliaklqana.
Hepliaklqana was pleased with you.
You visited 2 branches of the dungeon, and saw 8 of its levels.
You also visited: Bailey.

You collected 372 gold pieces.
You spent 78 gold pieces at shops.

Inventory:

Hand Weapons
 a - a +0 shortbow (weapon)
 b - a +2 dagger of flaming
 c - a +0 dagger of electrocution
 r - a +1 short sword of venom
Missiles
 e - 5 boomerangs
 q - 3 poisoned darts
 K - 3 javelins
Armour
 l - a +0 tower shield (worn)
 n - a +0 ring mail
 t - a +1 pair of boots (worn)
 A - the +0 leather armour of Emerulej {rElec rPois Int+3}
   (You found it on level 3 of the Dungeon)

   Int:       It affects your intelligence (+3).
   rElec:     It insulates you from electricity.
   rPois:     It protects you from poison.
 G - a +0 chain mail
 J - a +0 pair of gloves (worn)
 M - a +0 scale mail
 O - a +2 leather armour of poison resistance (worn)
Magical Staves
 I - a staff of air
 N - a staff of poison
Jewellery
 m - the ring "Vicap" (left hand) {Wiz rElec}
   (You found it on level 2 of the Dungeon)

   [ring of wizardry]

   It improves your spell success rate.
   rElec:     It insulates you from electricity.
 y - an amulet of guardian spirit (around neck)
Wands
 H - a wand of mindburst (5)
 P - a wand of digging (6)
 Q - a wand of light (9)
Scrolls
 d - 4 scrolls of teleportation {unknown}
 f - 2 scrolls of immolation
 g - 5 scrolls of fog {unknown}
 i - 2 scrolls of noise {unknown}
 j - 6 scrolls of identify {unknown}
 p - a scroll of magic mapping {unknown}
 s - 2 scrolls of blinking {unknown}
 u - 2 scrolls of fear {unknown}
 x - 2 scrolls of torment {unknown}
 C - a scroll of poison {unknown}
 D - a scroll of amnesia {unknown}
 F - a scroll of enchant armour {unknown}
 L - a scroll of butterflies {unknown}
Potions
 h - a potion of flight
 o - a potion of attraction
 v - a potion of might
 w - a potion of lignification {unknown}
 z - 2 potions of brilliance {unknown}
 B - 5 potions of curing
 E - a potion of ambrosia {unknown}


   Skills:
 + Level 6.0 Fighting
 + Level 2.9 Short Blades
 + Level 8.5 Ranged Weapons
 + Level 1.8 Throwing
 + Level 3.9 Armour
 + Level 3.3 Dodging
 + Level 1.9 Stealth
 + Level 4.7 Shields
 + Level 0.1 Evocations


You had 8 spell levels left.
You didn't know any spells.
Your spell library contained the following spells:

 Spells                   Type           Power      Damage    Failure   Level
 Beastly Appendage        Tmut           0%         N/A       86%         1
 Kiss of Death            Conj/Necr      0%         2d5       86%         1
 Magic Dart               Conj           0%         1d3       86%         1
 Summon Small Mammal      Summ           0%         N/A       86%         1
 Call Imp                 Summ           0%         N/A       94%         2
 Wereblood                Tmut           0%         N/A       94%         2
 Call Canine Familiar     Summ           0%         N/A       99%         3
 Confusing Touch          Hex            0%         N/A       99%         3
 Mephitic Cloud           Conj/Pois/Air  0%         N/A       99%         3
 Portal Projectile        Hex/Tloc       0%         N/A       99%         3
 Spider Form              Tmut/Pois      0%         N/A       99%         3
 Summon Guardian Golem    Hex/Summ       0%         N/A       99%         3
 Tukima's Dance           Hex            0%         N/A       99%         3
 Dispel Undead            Necr           0%         3d6       100%        4
 Petrify                  Tmut/Erth      0%         N/A       100%        4
 Arcjolt                  Conj/Air       0%         1d10      100%        5
 Blade Hands              Tmut           0%         N/A       100%        5
 Metabolic Englaciation   Hex/Ice        0%         N/A       100%        5
 Statue Form              Tmut/Erth      0%         N/A       100%        6
 Maxwell's Capacitive Co  Air            0%         ∞         100%        8
 Vhi's Electric Charge    Tloc/Air       Unusable   N/A       N/A         3

Dungeon Overview and Level Annotations

Branches:
Dungeon (7/15)             Temple (1/1) D:4          Bailey (1/1)

Altars:
Ashenzari
Cheibriados
Dithmenos
Elyvilon
Fedhas
Gozag
Hepliaklqana
Kikubaaqudgha
Makhleb
Nemelex Xobeh
Okawaru
Qazlal
Sif Muna
Trog
Uskayaw
Wu Jian
Xom
Yredelemnul
Zin
The Shining One

Shops:
D:4 (   D:5 *

Annotations:
D:4 2 runed translucent doors, Sans23's ghost, amateur HuWn


Innate Abilities, Weirdness & Mutations

Your life essence is reduced to manifest your ancestor. (-10% HP)
You cannot be hasted, slowed, berserked, paralysed or teleported.
You can dig through walls and to a lower floor.
You have a pair of large antennae on your head. (SInv)
Your four strong arms can wield two-handed weapons with a shield.


Message History

Henutemipet is destroyed!
You block the spriggan's attack.
The spriggan hits you from afar with a +0 trident!
Okay, then.
Okay, then.
Press: ? - help, v - describe, . - travel
Here: a spriggan, wielding a +0 trident and wearing +2 swamp dragon scales The floor.
It was a potion of attraction.
You feel attractive to monsters. You block the spriggan's attack.
The spriggan hits you from afar with a +0 trident.
The spriggan is attracted toward you. x4
It was a potion of might.
You feel very mighty all of a sudden. You block the spriggan's attack. x2
The spriggan hits you from afar with a +0 spear!
The spriggan hits you with a +0 trident!
* * * LOW HITPOINT WARNING * * *
Fire: a) +0 shortbow
Press: ? - help, Q - select action, (/) - cycle Shift-Dir - straight line, f/p - spriggan
Aim: a spriggan, wielding a +3 spear (moderately wounded, 47% to hit)
Okay, then.
You feel much better.
The spriggan hits you with a +0 trident!
* * * LOW HITPOINT WARNING * * *
You block the spriggan's attack. x2; The spriggan is attracted toward you.
Fire: a) +0 shortbow
Press: ? - help, Q - select action, (/) - cycle Shift-Dir - straight line, f - spriggan, p - spriggan
Aim: a spriggan, wielding a +0 spear (47% to hit)
You shoot an arrow. The arrow hits the spriggan!
The spriggan is severely wounded.
You block the spriggan's attack.
The spriggan hits you with a +0 trident!
* * * LOW HITPOINT WARNING * * *
The spriggan hits you with a +3 spear.
* * * LOW HITPOINT WARNING * * *
You block the spriggan's attack.
The spriggan hits you with a +0 trident.
You die...

### ...# ...#
...# #..#
#§i## ♣ii#
#i@# #..# {
{#..# ♣..#
#..# ..# ##..#
#..# ##..##
#..♣ ♣#..##
#..####♣##..##


You could see 4 spriggans.

Vanquished Creatures
  Prince Ribbit (D:5)
  2 black bears (D:6)
  An orc warrior (D:6)
  5 ogres
  A phantom (D:5)
  A bullfrog (D:6)
  2 scorpions
  A jelly (D:6)
  4 sleepcaps
  An iguana (D:4)
  An orc wizard (D:7)
  Robin (D:2)
  7 adders
  A shadow imp (D:5)
  A white imp (D:5)
  5 worms
  A dart slug (D:3)
  10 orcs
  11 ball pythons
  2 bats (D:1)
  2 endoplasms
  3 giant cockroaches
  18 goblins
  4 hobgoblins
  3 jackals (D:1)
  7 kobolds
  5 quokkas
  A frilled lizard (D:3)
  7 rats
109 creatures vanquished.

Vanquished Creatures (collateral kills)
  A steam dragon (D:6)
  A sky beast (D:7)
  2 ogres
  An iguana (D:6)
  2 orc wizards (D:7)
  2 orcs (D:5)
  A goblin (D:7)
10 creatures vanquished.

Vanquished Creatures (others)
  2 knights (Bailey)
  An ancestor (D:6)
3 creatures vanquished.

Grand Total: 122 creatures vanquished

Notes
Turn   | Place    | Note
-------+----------+-------------------------------------------
     0 | D:1      | monsoonserge the Formicid Hunter began the quest for the
                  | Orb.
     0 | D:1      | Reached XP level 1. HP: 16/16 MP: 1/1
   135 | D:1      | Reached XP level 2. HP: 22/22 MP: 2/2
   534 | D:1      | Reached XP level 3. HP: 28/28 MP: 3/3
  1101 | D:2      | Noticed Robin
  1105 | D:2      | Killed Robin
  1106 | D:2      | Reached skill level 5 in Ranged Weapons
  1106 | D:2      | Reached skill level 1 in Armour
  1106 | D:2      | Reached XP level 4. HP: 31/34 MP: 4/4
  1205 | D:2      | Identified the ring "Vicap" {Wiz rElec}
  1244 | D:2      | Found a faded altar of an unknown god.
  1411 | D:2      | You fall into a shaft and drop 1 floor!
  1434 | D:3      | Reached XP level 5. HP: 27/39 MP: 5/5
  1556 | D:2      | Reached skill level 1 in Shields
  2168 | D:3      | Identified the +0 leather armour of Emerulej {rElec rPois
                  | Int+3}
  2556 | D:4      | Found Umuntema's Antique Weapon Emporium.
  2580 | D:4      | Found a staircase to the Ecumenical Temple.
  2608 | Temple   | Entered the Ecumenical Temple
  2798 | Temple   | Became a worshipper of Hepliaklqana the Forgotten
  3190 | D:4      | Noticed an ogre
  3199 | D:4      | Killed an ogre
  3200 | D:4      | Reached skill level 1 in Short Blades
  3200 | D:4      | Reached skill level 6 in Ranged Weapons
  3200 | D:4      | Reached XP level 6. HP: 47/47 MP: 6/6
  3205 | D:4      | Found a runed translucent door.
  3211 | D:4      | Noticed Sans23's ghost (amateur HuWn)
  3393 | D:4      | Found a runed translucent door.
  3729 | D:5      | Entered Level 5 of the Dungeon
  3924 | D:5      | Noticed an ogre
  3935 | D:5      | Killed an ogre
  3936 | D:5      | Reached XP level 7. HP: 17/52 MP: 2/7
  4097 | D:5      | Reached * piety under Hepliaklqana
  4100 | D:5      | Found Perutim's General Store.
  4103 | D:5      | Bought 2 potions of curing for 78 gold pieces
  4290 | D:5      | Noticed Prince Ribbit
  4312 | D:5      | Killed Prince Ribbit
  4313 | D:5      | Reached skill level 1 in Throwing
  4313 | D:5      | Reached XP level 8. HP: 52/54 MP: 8/8
  4770 | D:6      | Reached skill level 7 in Ranged Weapons
  4875 | D:6      | Identified the +2 robe "Dusuoty" {+Inv Str+4}
  5243 | D:6      | Reached ** piety under Hepliaklqana
  5244 | D:6      | Remembered your ancestor Henutemipet as a knight
  5259 | D:6      | Reached XP level 9. HP: 54/59 MP: 7/9
  5325 | D:7      | Reached skill level 5 in Fighting
  5369 | D:7      | Reached skill level 8 in Ranged Weapons
  5395 | D:7      | Found a flagged portal.
  5401 | Bailey   | Entered a bailey
  5505 | Bailey   | HP: 3/62 [spriggan/+3 spear (3)]
  5505 | Bailey   | Slain by a spriggan

Illustrated notes

Levels and vault maps discovered:
D:1:      lemuel_arrival_muddy, layout_basic
D:2:      layout_rooms, hellmonk_ecumenical_altar_arch_garden, uniq_robin
D:3:      layout_basic, chequers_serial_rivers_micro_b
D:4:      layout_loops_corners, temple_doors_e, ebering_ghost_sewer_f,
          serial_shops, shop
D:5:      layout_basic, serial_shops, nicolae_shop_stone,
          chequers_serial_rivers_marsh, wad_floor_pattern_1, uniq_prince_ribbit1
D:6:      layout_rooms
D:7:      layout_basic, nicolae_overflow_crystal_walls, serial_shops,
          nicolae_shop_pleasant_corner_grove, enter_bailey_3, minivault_4,
          nrook_mini_backslash
Temple:   nicolae_temple_bog_church
Bailey:   bailey_polearm_enchanted_keep_hellmonk, bailey

Skill      XL: |  1  2  3  4  5  6  7  8  9 |
---------------+----------------------------+-----
Ranged Weapons | 5 6 7 8 |  8.5
Armour         | 1 2 3 |  3.9
Dodging        | 2 3 |  3.3
Shields        | 1 2 3 4 |  4.7
Fighting       | 3 4 6 |  6.0
Short Blades   | 1 2 |  2.9
Throwing       | 1 |  1.8
Stealth        | |  1.9
Evocations     | |  0.1

Action                     |  1- 3 |  4- 6 |  7- 9 || total
---------------------------+-------+-------+-------++-------
  Melee: Short sword       |     1 |    15 |       ||    16
         Dagger            |       |    76 |    25 ||   101
   Fire: Shortbow          |    66 |    89 |   105 ||   260
  Throw: Dart              |       |     1 |     6 ||     7
         Boomerang         |       |       |     4 ||     4
 Invoke: Ancestor Life: Kn |       |       |     1 ||     1
Ability: Dig               |     2 |       |       ||     2
  Evoke: Wand              |       |       |     1 ||     1
    Use: Potion            |       |       |     5 ||     5
   Stab: Sleeping          |       |     1 |       ||     1
 Armour: Leather armour    |    10 |     7 |     2 ||    19
         Ring mail         |       |    26 |    15 ||    41
  Dodge: Dodged            |    19 |    38 |    14 ||    71
  Block: Tower shield      |       |    67 |    56 ||   123
